 Dungeon Crawl Stone Soup version 0.31-a0-845-g9abc20d24f (webtiles) character file.

Game seed: 4467987244839545121

1780 arthad the Trooper (level 9, 0/47 HPs)
             Began as a Vine Stalker Berserker on Oct 1, 2023.
             Was a Priest of Trog.
             Slain by a sixfirhy (9 damage)
             ... summoned by a kobold demonologist
             ... on level 6 of the Dungeon.
             The game lasted 00:10:24 (3888 turns).

arthad the Trooper (Vine Stalker Berserker)         Turns: 3888, Time: 00:10:25

Health: 0/47       AC:  8    Str: 23    XL:     9   Next: 8%
Magic:  0/10       EV:  8    Int:  7    God:    Trog [***...]
Gold:   234        SH:  0    Dex: 15    Spells: 8/8 levels left

rFire   . . .        x - +11 Screaming Sword {sonic wave}
rCold   . . .        (no shield)
rNeg    . . .        j - +0 plate armour
rPois   .            i - +0 helmet
rElec   .            (no cloak)
rCorr   .            n - +2 pair of gloves
SInv    .            (no boots)
Will    +....        (no amulet) Stlth
                     (no ring)
HPRegen 1.07/turn    (no ring)
MPRegen 0.12/turn

%: guardian spirit
@: corroded
A: fangs 3, regeneration 1, magic shield, antimagic bite, no potion heal 2
a: Renounce Religion, Berserk, Trog's Hand


You were on level 6 of the Dungeon.
You worshipped Trog.
Trog was most pleased with you.
You visited 1 branch of the dungeon, and saw 6 of its levels.

You collected 234 gold pieces.

Inventory:

Hand Weapons
 a - a +0 hand axe
 r - a +1 short sword of venom
 w - a +1 war axe
 x - the +11 Screaming Sword (weapon) {sonic wave}
   (You found it on level 4 of the Dungeon)
Missiles
 l - 9 poisoned darts
 q - 4 boomerangs
 y - 4 curare-tipped darts (quivered)
 C - 2 javelins
Armour
 b - a +0 animal skin
 i - a +0 helmet (worn)
 j - a +0 plate armour (worn)
 n - a +2 pair of gloves (worn)
Jewellery
 e - a ring of fire
Wands
 h - a wand of flame (14)
 t - a wand of polymorph (9)
 v - a wand of paralysis (7)
 B - a wand of iceblast (11)
Scrolls
 c - a scroll of poison
 d - a scroll of enchant weapon
 g - a scroll of fear
 D - a scroll of blinking
Potions
 f - a potion of heal wounds {unknown}
 k - 3 potions of brilliance {unknown}
 o - 2 potions of lignification {unknown}
 p - a potion of haste {unknown}
 s - 2 potions of mutation {unknown}
 u - a potion of ambrosia {unknown}
 A - a potion of berserk rage {unknown}
 E - a potion of attraction {unknown}


   Skills:
 * Level 5.6 Fighting
 * Level 0.7 Long Blades
 + Level 5.5 Axes
 + Level 0.3 Throwing
 * Level 4.7 Armour
 + Level 3.9 Dodging
 + Level 3.8 Stealth
 + Level 2.5 Evocations


You had 8 spell levels left.
You didn't know any spells.
Your spell library contained the following spells:

 Spells                   Type           Power      Damage    Failure   Level
 Slow                     Hex            0%         N/A       100%        1
 Sting                    Tmut/Pois      0%         1d3       100%        1
 Cigotuvi's Dreadful Rot  Necr/Pois/Air  0%         N/A       100%        2
 Poisonous Vapours        Pois/Air       0%         N/A       100%        2
 Confusing Touch          Hex            0%         N/A       100%        3
 Ignite Poison            Fire/Tmut/Pois 0%         N/A       100%        3
 Mephitic Cloud           Conj/Pois/Air  0%         N/A       100%        3
 Sigil of Binding         Hex            0%         N/A       100%        3
 Tukima's Dance           Hex            0%         N/A       100%        3
 Vampiric Draining        Necr           0%         2d6       100%        3
 Olgreb's Toxic Radiance  Pois           0%         N/A       100%        4
 Passage of Golubria      Tloc           0%         N/A       100%        4
 Freezing Cloud           Conj/Ice/Air   0%         6-21      100%        5
 Yara's Violent Unravell  Hex/Tmut       0%         3d3       100%        5


Dungeon Overview and Level Annotations

Branches:
Dungeon (6/15)
 Temple: D:4-7

Altars:
Kikubaaqudgha
The Shining One

Shops:
D:1 !   D:3 *


Innate Abilities, Weirdness & Mutations

You have razor-sharp teeth.
Your natural rate of healing is unusually fast.
When hurt, damage is shared between your health and your magic reserves.
Your bite disrupts and absorbs the magic of your enemies.
Potions cannot restore your health.


Message History

You have reached level 9!
Your experience leads to an increase in your attributes!
Increase (S)trength, (I)ntelligence, or (D)exterity?
You feel stronger. x2
You slash the quasit!
The quasit is almost dead.
The quasit bites you.
The quasit claws you but does no damage.
The quasit misses you.
The kobold demonologist gestures wildly while chanting.
The quasit bites you but does no damage.
The quasit claws you but does no damage.
The quasit completely misses you.
You hit the quasit.
You kill the quasit!
The quasit disappears in a puff of smoke!
The kobold demonologist mumbles some strange words.
You slash the kobold demonologist!
Your bite misses the kobold demonologist.
The kobold demonologist is severely wounded.
The rust devil hits you. The rust devil corrodes you!
The kobold demonologist gestures wildly while chanting.
The rust devil hits you. The rust devil corrodes you!
You miss the kobold demonologist. You bite the kobold demonologist.
The kobold demonologist's magic leaks into the air.
You drain its magic.
You feel invigorated.
The kobold demonologist is severely wounded.
The sixfirhy hits you. The sixfirhy shocks you! The sixfirhy hits you.
The sixfirhy shocks you!
The sixfirhy hits you but does no damage.
The kobold demonologist hits you but does no damage.
The sixfirhy hits you! The sixfirhy shocks you!
* * * LOW HITPOINT WARNING * * *
The kobold demonologist hits you but does no damage.
You barely miss the kobold demonologist.
The kobold demonologist is severely wounded.
The sixfirhy completely misses you. The sixfirhy hits you.
* * * LOW HITPOINT WARNING * * *
The sixfirhy shocks you!
You die...

### #?.. .....
......#########
.$.(..K@....((.
.....43########
.....4. ....?.#
.....# .....
.###


You could see an orange demon (summoned), a rust devil (summoned), a kobold
demonologist (magic disrupted) and a sixfirhy (summoned).

Vanquished Creatures
  A troll (D:5)
  Eustachio (D:5)
  A black bear (D:6)
  2 ice beasts (D:5)
  A phantom (D:5)
  A kobold brigand (D:6)
  6 scorpions
  6 hounds
  A jelly (D:4)
  2 iguanas
  Jessica (D:3)
  A sleepcap (D:4)
  2 orc wizards
  Robin (D:2)
  2 gnolls (D:5)
  15 adders
  A white imp (D:5)
  2 worms
  2 dart slugs
  12 orcs
  9 ball pythons
  10 bats
  3 endoplasms
  4 giant cockroaches
  13 goblins
  9 hobgoblins
  7 quokkas
  6 frilled lizards
  10 kobolds
  3 rats (D:2)
135 creatures vanquished.

Vanquished Creatures (others)
  An orc wizard (D:3)
1 creature vanquished.

Grand Total: 136 creatures vanquished

Notes
Turn   | Place    | Note
-------+----------+-------------------------------------------
     0 | D:1      | arthad the Vine Stalker Berserker began the quest for the
                  | Orb.
     0 | D:1      | Reached XP level 1. HP: 11/11 MP: 2/2
    93 | D:1      | Found Gumiux's Distillery.
   166 | D:1      | Reached XP level 2. HP: 16/16 MP: 3/3
   738 | D:2      | Reached XP level 3. HP: 20/20 MP: 4/4
   773 | D:2      | HP: 1/20 [kobold/+0 club (1)]
  1018 | D:2      | Reached XP level 4. HP: 19/24 MP: 5/5
  1063 | D:2      | Noticed Robin
  1078 | D:2      | Killed Robin
  1190 | D:2      | Reached ** piety under Trog
  1235 | D:2      | Found a faded altar of an unknown god.
  1339 | D:2      | Reached XP level 5. HP: 27/28 MP: 4/6
  1457 | D:3      | Noticed Jessica
  1467 | D:3      | Killed Jessica
  1645 | D:3      | Reached XP level 6. HP: 31/33 MP: 5/7
  1895 | D:3      | Found Hyx Byg's General Store.
  1961 | D:3      | Found a faded altar of an unknown god.
  1964 | D:3      | Found a glowing golden altar of the Shining One.
  2222 | D:4      | Reached skill level 1 in Stealth
  2241 | D:4      | Reached *** piety under Trog
  2252 | D:4      | Found the +11 Singing Sword {sonic wave}
  2290 | D:4      | Reached XP level 7. HP: 37/37 MP: 8/8
  2400 | D:4      | Found an ancient bone altar of Kikubaaqudgha.
  2420 | D:4      | Reached skill level 1 in Evocations
  3200 | D:5      | Entered Level 5 of the Dungeon
  3228 | D:5      | Noticed Eustachio
  3250 | D:5      | Gained mutation: You have razor-sharp teeth. [Vine Stalker
                  | growth]
  3250 | D:5      | Reached XP level 8. HP: 42/42 MP: 9/9
  3277 | D:5      | Killed Eustachio
  3330 | D:5      | Noticed a troll
  3337 | D:5      | Killed a troll
  3338 | D:5      | Reached skill level 5 in Fighting
  3338 | D:5      | Reached skill level 5 in Axes
  3879 | D:6      | Noticed a kobold demonologist
  3884 | D:6      | Reached XP level 9. HP: 47/47 MP: 8/10
  3885 | D:6      | Noticed a rust devil
  3886 | D:6      | Noticed a sixfirhy
  3887 | D:6      | Noticed an orange demon
  3888 | D:6      | Slain by a sixfirhy

Illustrated notes

Levels and vault maps discovered:
D:1:      nzn_arrival_settlement, layout_basic, serial_shops, shop,
          grunt_decor_clamped
D:2:      layout_basic, shapermc_ecumenical_altar_starsandcircs,
          nicolae_half_adder, uniq_robin
D:3:      layout_rooms, nicolae_overflow_ecumenical_swirl, serial_shops,
          nicolae_shop_back_alley_shop, uniq_jessica
D:4:      old_forge, layout_basic, old_standard_altar, hangedman_feature_mirror
D:5:      layout_rooms, minmay_increasing_density, uniq_eustachio
D:6:      layout_loops_ring, kennysheep_cross_bottleneck

Skill      XL: |  1  2  3  4  5  6  7  8 |
---------------+-------------------------+-----
Fighting       | 3 4 5 |  5.6
Axes           | 3 4 5 |  5.5
Armour         | 2 3 4 |  4.7
Dodging        | 2 3 |  3.9
Stealth        | 1 2 3 |  3.8
Evocations     | 1 2 |  2.5
Long Blades    | |  0.7
Throwing       | |  0.3

Action                     |  1- 3 |  4- 6 |  7- 9 || total
---------------------------+-------+-------+-------++-------
  Melee: Hand axe          |    70 |   136 |       ||   206
         Bite              |    14 |    32 |    34 ||    80
         Punch             |     2 |     3 |     2 ||     7
         War axe           |       |    32 |   123 ||   155
         Double sword      |       |       |    20 ||    20
  Throw: Dart              |       |     5 |     8 ||    13
 Invoke: Berserk           |     2 |     1 |     1 ||     4
  Evoke: Wand              |       |     2 |     2 ||     4
    Use: Scroll            |       |       |     6 ||     6
 Armour: Animal skin       |    49 |    20 |       ||    69
         Plate armour      |       |   132 |   207 ||   339
  Dodge: Dodged            |    46 |    70 |    80 ||   196

Table legend: (Time is in decaauts)
 A = Elapsed time spent in this place.
 B = Non-inter-level travel time spent in this place.
 C = Inter-level travel time spent in this place.
 D = Time resting spent in this place.
 E = Time spent auto-exploring this place.
 F = Levels seen in this place.
 G = Mean time per level.
                   A        B        C        D        E       F      G
               +--------+--------+--------+--------+--------+-----+--------+
         Total |   4003 |   3858 |    145 |     51 |   2824 |   6 |  667.2 |
       Dungeon |   4003 |   3858 |    145 |     51 |   2824 |   6 |  667.2 |
               +--------+--------+--------+--------+--------+-----+--------+

Top non-repeatable levels by time:
     D:4: 1148 daAuts
     D:2: 829 daAuts
     D:1: 674 daAuts
     D:5: 655 daAuts
     D:3: 633 daAuts
     D:6: 61 daAuts
